[Event "Titled Tuesday Blitz November 29 Early 2022"]
[White "Corrales Jimenez, Fidel"]
[Black "Firouzja, Alireza"]
[WhiteFideId "3506690"]
[BlackFideId "12573981"]
[WhiteElo "2541"]
[BlackElo "2903"]
[Result "0-1"]
[Round "04"]
[TimeControl "180+1"]
[Date "2022.11.30"]
[WhiteClock "0:00:14"]
[BlackClock "0:02:09"]

1. e4 g6 2. d4 Bg7 3. Nc3 d6 4. f4 Nf6 5. Nf3 O-O 6. Bd3 Nc6 7. O-O e5 8. fxe5 dxe5 9. d5 Nb4 10. Bg5 c6 11. Kh1 cxd5 12. exd5 Nbxd5 13. Nxe5 Nxc3 14. bxc3 Qc7 15. Bxf6 Bxf6 16. Rxf6 Qxe5 17. Qf3 Bg4 18. Qf4 Qxf4 19. Rxf4 Be6 20. a4 Rac8 21. Rb4 Bd5 22. c4 Bc6 23. a5 Rfe8 24. Kg1 a6 25. Rbb1 Re5 26. Rf1 f5 27. Rf4 Kg7 28. Rd4 Rce8 29. Kf2 Rc5 30. Be2 Bxg2 31. Rd7+ Kh6 32. Ra3 Bc6 33. Rh3+ Kg5 34. Rhxh7 Bxd7 35. Rxd7 Rxa5 36. Rxb7 Rc5 37. Rb6 a5 38. h4+ Kh6 39. h5 Rg8 40. Ra6 Kg5 41. hxg6 Rxg6 42. Ra7 Kf4 43. Bd3 Rh6 44. Ra6 Rxa6 0-1


[Site "https://www.chess.com"]

[Event "Titled Tuesday Blitz November 29 Early 2022"]
[White "Cramling Bellon, Anna"]
[Black "Melian, Juan Sebastian"]
[WhiteFideId "32009232"]
[BlackFideId "3706575"]
[WhiteElo "1972"]
[BlackElo "2044"]
[Result "0-1"]
[Round "04"]
[TimeControl "180+1"]
[Date "2022.11.30"]
[WhiteClock "0:00:01"]
[BlackClock "0:00:10"]

1. d4 Nf6 2. c4 e6 3. Nc3 Bb4 4. Qc2 c5 5. dxc5 Qc7 6. Nf3 Bxc5 7. e3 a6 8. Bd3 b6 9. O-O Bb7 10. Ne4 Be7 11. b3 d5 12. Nxf6+ Bxf6 13. Bb2 Bxb2 14. Qxb2 O-O 15. Qe5 Qxe5 16. Nxe5 f6 17. Nf3 Nd7 18. cxd5 Bxd5 19. e4 Bb7 20. Bc4 Kf7 21. Rfe1 Ke7 22. Nd4 Nc5 23. b4 Rfd8 24. Nb3 Na4 25. Rad1 Rac8 26. Be2 Nc3 27. Bf3 Nxd1 28. Rxd1 Rxd1+ 29. Bxd1 Bxe4 30. f3 Bc2 31. Bxc2 Rxc2 32. Nd4 Rxa2 33. Nc6+ Kd6 34. Nd8 a5 35. bxa5 bxa5 36. Nb7+ Kd5 0-1


[Site "https://www.chess.com"]

[Event "Titled Tuesday Blitz November 29 Early 2022"]
[White "Czopor, Maciej"]
[Black "Fernandez Siles, Luis"]
[WhiteFideId "21805431"]
[BlackFideId "2209420"]
[WhiteElo "2324"]
[BlackElo "2186"]
[Result "0-1"]
[Round "04"]
[TimeControl "180+1"]
[Date "2022.11.30"]
[WhiteClock "0:02:05"]
[BlackClock "0:01:42"]

1. c4 Nf6 2. Nc3 g6 3. e4 d6 4. d4 Bg7 5. f4 O-O 6. Nf3 c5 7. d5 e6 8. Be2 exd5 9. cxd5 Bg4 10. O-O Nbd7 11. h3 Bxf3 12. Bxf3 Ne8 13. g4 Nc7 14. a4 a6 15. a5 Nb5 16. Qd3 Nd4 17. Bg2 b5 18. axb6 Qxb6 19. Ra3 c4 20. Qe3 Nc5 21. g5 Nc2 22. Qg3 Nxe4+ 0-1


[Site "https://www.chess.com"]

[Event "Titled Tuesday Blitz November 29 Early 2022"]
[White "Danielyan, Vahe"]
[Black "Mohammed, Dilshad"]
[WhiteFideId "13304828"]
[BlackFideId "5050421"]
[WhiteElo "2423"]
[BlackElo "2102"]
[Result "1-0"]
[Round "04"]
[TimeControl "180+1"]
[Date "2022.11.30"]
[WhiteClock "0:01:48"]
[BlackClock "0:00:16"]

1. c4 e5 2. Nc3 Nf6 3. g3 d5 4. cxd5 Nxd5 5. Bg2 Nb6 6. Nf3 Nc6 7. O-O Be7 8. d3 O-O 9. Be3 Be6 10. Rc1 f6 11. Na4 Nxa4 12. Qxa4 a6 13. Nd2 Bd5 14. Bxd5+ Qxd5 15. a3 Rac8 16. Qc4 Rfd8 17. Qxd5+ Rxd5 18. Rc4 Na5 19. Rc2 Nc6 20. Rfc1 Rcd8 21. b4 R8d7 22. Nb3 Bd8 23. Kg2 f5 24. Rxc6 bxc6 25. Rxc6 R7d6 26. Rc4 g5 27. Bc5 Rg6 28. g4 fxg4 29. Rxg4 h5 30. Re4 g4 31. Na5 h4 32. h3 g3 33. Nc4 gxf2+ 34. Kxf2 Bf6 35. Ne3 Rd7 36. Ng4 Rf7 37. Nxf6+ Rgxf6+ 38. Ke3 Rf5 39. Rxh4 Rh7 40. Rg4+ Kf7 41. Rg3 Rfh5 42. Rf3+ Ke6 43. Kd2 Rxh3 44. Rf8 Rh2 45. Ra8 Rg7 46. Rxa6+ Kd5 47. Ra7 Rgg2 48. Rxc7 Rxe2+ 49. Kc3 Rc2+ 50. Kb3 Rb2+ 51. Ka4 Rbd2 52. Rd7+ Kc6 53. Rd6+ Kc7 54. Kb5 e4 55. Rc6+ Kd7 56. dxe4 Rh4 57. e5 Re4 58. Rd6+ Rxd6 59. Bxd6 Kc8 60. a4 Kb7 61. a5 Re1 62. a6+ Ka8 63. Kc6 Ka7 64. b5 Rc1+ 65. Bc5+ Ka8 66. e6 Kb8 67. e7 Re1 68. Kd7 Rd1+ 69. Bd6+ Ka7 70. e8=Q 1-0


[Site "https://www.chess.com"]

[Event "Titled Tuesday Blitz November 29 Early 2022"]
[White "Dardha, Daniel"]
[Black "Caruana, Fabiano"]
[WhiteFideId "240990"]
[BlackFideId "2020009"]
[WhiteElo "2528"]
[BlackElo "2847"]
[Result "1/2-1/2"]
[Round "04"]
[TimeControl "180+1"]
[Date "2022.11.30"]
[WhiteClock "0:00:19"]
[BlackClock "0:00:50"]

1. e4 e5 2. Nf3 Nc6 3. Bc4 Nf6 4. d3 Bc5 5. c3 d6 6. O-O a6 7. a4 Ba7 8. Re1 O-O 9. h3 Be6 10. Nbd2 Bxc4 11. Nxc4 Re8 12. Be3 Bxe3 13. Nxe3 d5 14. Qb3 dxe4 15. dxe4 Qc8 16. Nd5 Nd7 17. Ng5 Nd8 18. Rad1 h6 19. Nf3 Ne6 20. Qa3 Qd8 21. Rd2 Nef8 22. Red1 c6 23. Ne3 Qc7 24. a5 Nf6 25. Qb4 Ng6 26. Nf5 Kh7 27. Nh2 Rab8 28. Ng4 Nxg4 29. hxg4 Rbd8 30. Rxd8 Rxd8 31. Rxd8 Qxd8 32. Qxb7 Qd1+ 33. Kh2 Qxg4 34. Qxf7 Qh5+ 35. Kg1 Qd1+ 36. Kh2 Qh5+ 37. Kg1 Qd1+ 38. Kh2 Qh5+ 1/2-1/2


[Site "https://www.chess.com"]

[Event "Titled Tuesday Blitz November 29 Early 2022"]
[White "Deev, Andrei"]
[Black "Hnydiuk, Aleksander"]
[WhiteFideId "4102690"]
[BlackFideId "1109057"]
[WhiteElo "2296"]
[BlackElo "2374"]
[Result "0-1"]
[Round "04"]
[TimeControl "180+1"]
[Date "2022.11.30"]
[WhiteClock "0:00:09"]
[BlackClock "0:00:26"]

1. e4 e5 2. Nf3 Nc6 3. Bc4 Bc5 4. d3 Nf6 5. Nc3 d6 6. h3 a6 7. Bg5 h6 8. Be3 O-O 9. Qd2 b5 10. Bb3 Nd4 11. Bxd4 Bxd4 12. Nxd4 exd4 13. Ne2 c5 14. a4 Be6 15. Bxe6 fxe6 16. O-O Qd7 17. axb5 axb5 18. Ra5 b4 19. Rfa1 Qb7 20. Nf4 Kf7 21. Qd1 Rxa5 22. Rxa5 Ra8 23. Qa1 Rxa5 24. Qxa5 b3 25. c3 g5 26. Ne2 c4 27. Nxd4 cxd3 28. f3 d5 29. exd5 Nxd5 30. Kf2 d2 31. Ke2 Ne3 32. Kxe3 d1=Q 0-1


[Site "https://www.chess.com"]

[Event "Titled Tuesday Blitz November 29 Early 2022"]
[White "Delorme, Alban"]
[Black "Koellner, Ruben Gideon"]
[WhiteFideId "623636"]
[BlackFideId "12993093"]
[WhiteElo "2197"]
[BlackElo "2303"]
[Result "0-1"]
[Round "04"]
[TimeControl "180+1"]
[Date "2022.11.30"]
[WhiteClock "0:01:35"]
[BlackClock "0:00:15"]

1. d4 d6 2. Nf3 Nf6 3. g3 Nbd7 4. Bg2 e5 5. O-O Be7 6. c4 O-O 7. Nc3 Re8 8. h3 c6 9. Re1 Qc7 10. e4 h6 11. Be3 a6 12. Qd2 Nf8 13. Rac1 Ng6 14. b4 Qb8 15. a4 Bf8 16. b5 axb5 17. axb5 Bd7 18. c5 dxc5 19. dxe5 Nxe5 20. Nxe5 Qxe5 21. Bf4 Qd4 22. e5 Qxd2 23. Bxd2 Nh7 24. bxc6 Bxc6 25. Bxc6 bxc6 26. f4 Rad8 27. Be3 Rd3 28. Ne4 f6 29. Nxc5 Bxc5 30. Bxc5 Rxg3+ 31. Kh2 Rd3 32. Bd6 fxe5 33. Bxe5 Re6 34. h4 Nf6 35. Rg1 Kf7 36. Rc5 Rd5 37. Rxd5 cxd5 38. Rd1 Ng4+ 39. Kg3 Nxe5 40. fxe5 Rxe5 41. Kf4 Re4+ 42. Kg3 Ke6 43. h5 d4 44. Kf3 Rh4 45. Rg1 Kf6 46. Rg6+ Kf7 47. Rd6 Rxh5 48. Rxd4 Rf5+ 49. Kg4 Rg5+ 50. Kh4 Kg6 51. Rd6+ Kh7 52. Rd7 Rg6 53. Kh5 Ra6 54. Rc7 Ra5+ 55. Kh4 h5 56. Rc6 g6 57. Rd6 Kh6 58. Rc6 Ra4+ 59. Kg3 h4+ 60. Kh3 Kh5 61. Rc5+ g5 62. Rb5 Ra3+ 63. Kh2 h3 64. Rc5 Kh4 65. Rc4+ g4 66. Rb4 Ra2+ 67. Kh1 Re2 68. Kg1 Kg3 69. Rb3+ Kf4 70. Rb4+ Kf3 71. Rb3+ Re3 72. Rb8 Re1+ 73. Kh2 g3+ 74. Kxh3 Rh1# 0-1


[Site "https://www.chess.com"]

[Event "Titled Tuesday Blitz November 29 Early 2022"]
[White "Devaev, Alexander"]
[Black "Kuchava, Ana"]
[WhiteFideId "4169395"]
[BlackFideId "13605348"]
[WhiteElo "2225"]
[BlackElo "2001"]
[Result "1-0"]
[Round "04"]
[TimeControl "180+1"]
[Date "2022.11.30"]
[WhiteClock "0:01:00"]
[BlackClock "0:00:06"]

1. d4 d5 2. c4 e6 3. Nc3 Be7 4. Nf3 Nf6 5. Bg5 O-O 6. e3 h6 7. Bh4 b6 8. Bxf6 Bxf6 9. cxd5 exd5 10. Qb3 Be6 11. Rd1 c6 12. Bd3 Bg4 13. Bb1 Qd6 14. O-O Nd7 15. Rc1 Bxf3 16. gxf3 Rac8 17. Bf5 g6 18. Bh3 Rc7 19. Rfd1 Bg7 20. Qc2 a6 21. Qe2 Nf6 22. Qxa6 b5 23. Nxb5 Qb4 24. Nxc7 Qxb2 25. Qxc6 Qxa2 26. Qc2 Qa7 27. Qc5 Qb7 28. Rb1 1-0


[Site "https://www.chess.com"]

[Event "Titled Tuesday Blitz November 29 Early 2022"]
[White "Dubov, Daniil"]
[Black "Kamsky, Gata"]
[WhiteFideId "24126055"]
[BlackFideId "2000024"]
[WhiteElo "2791"]
[BlackElo "2666"]
[Result "1-0"]
[Round "04"]
[TimeControl "180+1"]
[Date "2022.11.30"]
[WhiteClock "0:00:24"]
[BlackClock "0:00:17"]

1. e4 c5 2. Nf3 e6 3. d4 cxd4 4. Nxd4 a6 5. c4 Nf6 6. Nc3 Qc7 7. Be2 b6 8. O-O Bb7 9. f3 Bd6 10. Kh1 Bc5 11. Be3 Nc6 12. Qd2 Nxd4 13. Bxd4 Qd6 14. Be3 Qxd2 15. Bxd2 Bc6 16. Rab1 a5 17. e5 Ng8 18. f4 Ne7 19. Bf3 Rc8 20. Bxc6 Rxc6 21. Ne4 h5 22. Nxc5 Rxc5 23. b3 Nf5 24. Rfd1 f6 25. Bc3 Ke7 26. Rd3 Rhc8 27. Rbd1 R8c7 28. Bb2 R5c6 29. Kg1 Ra7 30. a4 Rb7 31. Kf2 Rcc7 32. g3 Kf7 33. h3 Ne7 34. Kf3 Nc6 35. g4 hxg4+ 36. hxg4 fxe5 37. Bxe5 Nxe5+ 38. fxe5 Rc8 39. Rxd7+ 1-0


[Site "https://www.chess.com"]

[Event "Titled Tuesday Blitz November 29 Early 2022"]
[White "Ehlvest, Jaan"]
[Black "Chernov, Mikhail"]
[WhiteFideId "4500016"]
[BlackFideId "24143170"]
[WhiteElo "2430"]
[BlackElo "2113"]
[Result "0-1"]
[Round "04"]
[TimeControl "180+1"]
[Date "2022.11.30"]
[WhiteClock "0:00:03"]
[BlackClock "0:00:04"]

1. e4 c5 2. Nf3 Nc6 3. Bb5 g6 4. Bxc6 bxc6 5. d4 Bg7 6. dxc5 Qa5+ 7. Nbd2 Qxc5 8. O-O d6 9. c4 Nf6 10. Re1 Nd7 11. Rb1 a5 12. b3 O-O 13. Bb2 Bxb2 14. Rxb2 Qh5 15. Nf1 Nc5 16. Ng3 Qh6 17. h3 Qg7 18. e5 Bb7 19. Rd2 d5 20. Qe2 Ne6 21. cxd5 cxd5 22. Nd4 Ba6 23. Qe3 Nxd4 24. Qxd4 e6 25. Rc1 Rfc8 26. Rdc2 Qf8 27. f4 Rxc2 28. Rxc2 Rc8 29. Rd2 Qc5 30. Nh1 Qxd4+ 31. Rxd4 Rc1+ 32. Kh2 Rc2 33. Kg1 Rxa2 34. Nf2 Be2 35. g4 h6 36. h4 Kg7 37. g5 hxg5 38. hxg5 Rb2 39. Ra4 Rxb3 40. Rxa5 Rb4 41. Ra2 Bf3 42. Nd3 Rd4 43. Ra3 Be2 44. Nc5 Rxf4 45. Ra7 Kg8 46. Ra8+ Kg7 47. Nd7 Rg4+ 48. Kf2 Rxg5 49. Nf6 Rf5+ 50. Ke1 Rxe5 51. Ne8+ Kh6 0-1


[Site "https://www.chess.com"]

[Event "Titled Tuesday Blitz November 29 Early 2022"]
[White "Fabris, Alberto"]
[Black "Georg, Heinz"]
[WhiteFideId "801348"]
[BlackFideId "4607295"]
[WhiteElo "2133"]
[BlackElo "2334"]
[Result "1-0"]
[Round "04"]
[TimeControl "180+1"]
[Date "2022.11.30"]
[WhiteClock "0:00:05"]
[BlackClock "0:00:01"]

1. d4 f5 2. Bg5 h6 3. Bh4 g5 4. Bg3 Nf6 5. e3 d6 6. Bd3 Bg7 7. h4 g4 8. Ne2 Nh5 9. Bh2 e5 10. Ng3 Nxg3 11. Bxg3 O-O 12. f3 f4 13. Bf2 g3 14. Bg1 exd4 15. exd4 Re8+ 16. Be2 Qe7 17. Nc3 c6 18. Qd2 d5 19. Qxf4 Qb4 20. O-O-O Nd7 21. Qxg3 Nb6 22. Bd3 Nc4 23. Bxc4 dxc4 24. Bf2 Bf5 25. Rhe1 b5 26. Qf4 Bg6 27. g4 Rf8 28. Qg3 Rf7 29. h5 Bh7 30. g5 hxg5 31. Qxg5 Rf5 32. Qg4 Kh8 33. Rg1 Qe7 34. Rde1 Qf7 35. Rg3 Rg8 36. Qh3 Bh6+ 37. Kb1 Bd2 38. Rxg8+ Bxg8 39. Re7 Qf6 40. Ne4 Qf8 41. Nxd2 c3 42. bxc3 Bh7 43. Re3 b4 44. cxb4 Qxb4+ 45. Nb3 a5 46. Qg3 Bg8 47. h6 Qf8 48. Qg7+ Qxg7 49. hxg7+ Kxg7 50. f4 a4 51. Nc5 Rxf4 52. Bg3 Rxd4 53. Kb2 a3+ 54. Kxa3 Rc4 55. Nd3 Rxc2 56. Rf3 Rxa2+ 57. Kb4 Bd5 58. Re3 Rb2+ 59. Kc5 Rc2+ 60. Kd6 Kf6 61. Be5+ Kf5 62. Rg3 Rd2 63. Bg7 Ke4 64. Kc5 1-0


[Site "https://www.chess.com"]

[Event "Titled Tuesday Blitz November 29 Early 2022"]
[White "Fecker, Noah"]
[Black "Jimenez, Joaquin"]
[WhiteFideId "1334263"]
[BlackFideId "109860"]
[WhiteElo "2291"]
[BlackElo "2163"]
[Result "1-0"]
[Round "04"]
[TimeControl "180+1"]
[Date "2022.11.30"]
[WhiteClock "0:01:43"]
[BlackClock "0:01:42"]

1. d4 Nf6 2. c4 g6 3. Nc3 Bg7 4. g3 d6 5. Bg2 O-O 6. Nf3 Nc6 7. b3 Bf5 8. Bb2 Ne4 9. O-O Nxc3 10. Bxc3 a5 11. Qd2 Be4 12. Qf4 d5 13. Qh4 e6 14. Ng5 h6 15. Nxe4 Qxh4 16. gxh4 dxe4 17. e3 f5 18. f3 exf3 19. Bxf3 h5 20. Kf2 Bf6 21. Rg1 Kf7 22. Ke2 Bxh4 23. d5 Nd8 24. dxe6+ Nxe6 25. Bxb7 Rad8 26. Bxa5 Bf6 27. Rad1 Rxd1 28. Rxd1 Be5 29. Rd7+ Kf6 30. Bd5 Bxh2 31. Bc3+ Be5 32. Bxe5+ Kxe5 33. a4 f4 34. a5 f3+ 35. Bxf3 Rb8 36. a6 Rxb3 37. a7 Ra3 38. a8=Q Rxa8 39. Bxa8 g5 40. Bd5 Nc5 41. Rxc7 h4 42. Rxc5 1-0


[Site "https://www.chess.com"]

[Event "Titled Tuesday Blitz November 29 Early 2022"]
[White "Fernandez De La Vara, Arnaldo"]
[Black "Moskvin, Anatoly"]
[WhiteFideId "3518388"]
[BlackFideId "24199990"]
[WhiteElo "2387"]
[BlackElo "2079"]
[Result "1-0"]
[Round "04"]
[TimeControl "180+1"]
[Date "2022.11.30"]
[WhiteClock "0:00:05"]
[BlackClock "0:00:07"]

1. Nf3 d6 2. d4 Nd7 3. c4 e5 4. Nc3 Ngf6 5. b3 c6 6. Qc2 exd4 7. Nxd4 d5 8. cxd5 cxd5 9. g3 Bc5 10. Nf3 Qc7 11. Bf4 Bxf2+ 12. Kxf2 Qxc3 13. Rc1 Qxc2 14. Rxc2 O-O 15. e3 b6 16. Rc7 Nc5 17. Bb5 Nce4+ 18. Kg2 Be6 19. Rhc1 h6 20. Nd4 g5 21. Be5 a6 22. Bd3 Rae8 23. Bxf6 Nxf6 24. h3 Bc8 25. Nc6 Be6 26. Nd4 Bc8 27. R1c3 Be6 28. a4 a5 29. R7c6 Nd7 30. Rd6 Ne5 31. Rxb6 Nxd3 32. Rxd3 Rb8 33. Ra6 Ra8 34. Rxa8 Rxa8 35. Nc6 Ra6 36. Ne7+ Kf8 37. Nxd5 Rd6 38. e4 f5 39. Rd4 fxe4 40. Nc7 Rc6 41. Nxe6+ Rxe6 42. Kf2 e3+ 43. Ke2 Ke7 44. Rd3 Kf6 45. Rxe3 Rb6 46. Kd2 Kf5 47. Kc3 h5 48. Rd3 h4 49. gxh4 gxh4 50. Rd4 Kg5 51. Rd5+ Kf4 52. Rxa5 Kg3 53. Rh5 Kxh3 54. a5 Rb8 55. b4 Kg4 56. Rh7 h3 57. a6 h2 58. Kc4 Kg3 59. b5 Rc8+ 60. Kb4 Rc7 61. Rh8 Rc8 62. Rxh2 Kxh2 63. b6 Kg3 64. b7 Rb8 65. Kb5 Kf4 66. Kb6 Ke5 67. a7 1-0


[Site "https://www.chess.com"]

[Event "Titled Tuesday Blitz November 29 Early 2022"]
[White "Fernandez Garcia, Gumersindo"]
[Black "Mayaud, Raphael"]
[WhiteFideId "24516740"]
[BlackFideId "627151"]
[WhiteElo "2140"]
[BlackElo "2191"]
[Result "1-0"]
[Round "04"]
[TimeControl "180+1"]
[Date "2022.11.30"]
[WhiteClock "0:00:20"]
[BlackClock "0:00:03"]

1. d4 d5 2. c3 Nf6 3. Bg5 Ne4 4. Bh4 c6 5. e3 Qb6 6. Qb3 Bf5 7. f3 Nf6 8. Nd2 Nbd7 9. Ne2 h6 10. g4 Bd3 11. Qxb6 axb6 12. a3 b5 13. Rc1 e5 14. h3 Be7 15. Bg3 Bd6 16. Kf2 O-O 17. dxe5 Bxe5 18. Nd4 Bxf1 19. Rhxf1 Rfe8 20. f4 Bd6 21. Nf5 Bc5 22. Rfe1 Re6 23. Kf3 Rae8 24. Bf2 Ne4 25. Nxe4 Rxe4 26. h4 Bf8 27. g5 g6 28. Nxh6+ Bxh6 29. gxh6 Nc5 30. Rcd1 Kh7 31. Rg1 Kxh6 32. Rg5 Ne6 33. Rg4 Ng7 34. Rh1 Nh5 35. Rg5 f5 36. Rhg1 R8e6 37. Rd1 Rc4 38. Rdg1 Rce4 39. R5g2 Ra4 40. Be1 Ra8 41. Bd2 Rg8 42. Ra1 Ra8 43. Rgg1 Nf6 44. Rh1 Ne4 45. Be1 Nf6 46. Bd2 Rae8 47. Rag1 Nh5 48. Rg5 Re4 49. Ke2 R4e6 50. Kd3 Re4 51. Rg2 R8e6 52. Rhg1 c5 53. b3 c4+ 54. bxc4 bxc4+ 55. Kc2 Ra6 56. Ra1 Re8 57. Rgg1 Rea8 58. Rgb1 b6 59. Rb5 Nf6 60. Bc1 Kh5 61. Rab1 Kxh4 62. Rxb6 Rxb6 63. Rxb6 Ne4 64. Rxg6 Kh3 65. Rg7 Re8 66. Rf7 Kg4 67. Rg7+ Kf3 68. Rf7 Kg4 69. Rd7 Nf6 70. Rd6 Rf8 71. a4 Kf3 72. a5 Ke4 73. a6 Ng4 74. a7 Ra8 75. Rd7 Nxe3+ 76. Bxe3 Kxe3 77. Rxd5 Kxf4 78. Rd4+ Ke5 79. Rd7 Ke4 80. Kd2 f4 81. Ke2 Re8 82. Kf2 Rh8 83. Rd4+ Ke5 84. Rxc4 Ra8 85. Rc7 Ke4 86. Re7+ Kd3 87. Rc7 Ke4 88. c4 Kd4 89. Kf3 Ke5 90. c5 Kd5 91. Kxf4 Kd4 92. Kf5 Kd5 93. Kf6 Rd8 94. Ke7 Ra8 95. Kd7 Kc4 96. Kc6 Kb4 97. Kb7 1-0


[Site "https://www.chess.com"]

[Event "Titled Tuesday Blitz November 29 Early 2022"]
[White "Fernandez Hernandez, Gerardo"]
[Black "Gonzalez, Francisco Silva"]
[WhiteFideId "2207400"]
[BlackFideId "1512285"]
[WhiteElo "2228"]
[BlackElo "2159"]
[Result "0-1"]
[Round "04"]
[TimeControl "180+1"]
[Date "2022.11.30"]
[WhiteClock "0:00:01"]
[BlackClock "0:01:32"]

1. e4 e5 2. Nf3 Nc6 3. Bc4 Bc5 4. b4 Bb6 5. c3 Nf6 6. a4 a6 7. d3 d6 8. a5 Ba7 9. O-O O-O 10. Be3 Ne7 11. Bxa7 Rxa7 12. Nbd2 Ng6 13. d4 Qe7 14. Re1 Nf4 15. Bf1 Bg4 16. h3 Bh5 17. d5 Raa8 18. g3 Ng6 19. g4 Bxg4 20. hxg4 Nxg4 21. Nh2 Nxh2 22. Kxh2 Qh4+ 23. Bh3 Qxf2+ 24. Kh1 f5 25. Bxf5 Qh4+ 26. Kg1 Qg3+ 27. Kh1 Rxf5 28. exf5 Qh3+ 29. Kg1 Nh4 30. Qe2 Qg3+ 31. Kh1 Qh3+ 32. Qh2 Qxc3 33. Qxh4 Qxd2 34. f6 Qxd5+ 35. Kg1 Rf8 36. fxg7 Rf4 37. Qg3 Qd4+ 38. Kh1 Rh4+ 39. Kg2 Rg4 0-1


[Site "https://www.chess.com"]

[Event "Titled Tuesday Blitz November 29 Early 2022"]
[White "Fiedorek, Michal"]
[Black "Szabo, Marton Mihaly"]
[WhiteFideId "1199528"]
[BlackFideId "787086"]
[WhiteElo "2201"]
[BlackElo "2168"]
[Result "1-0"]
[Round "04"]
[TimeControl "180+1"]
[Date "2022.11.30"]
[WhiteClock "0:00:06"]
[BlackClock "0:00:02"]

1. e4 c5 2. Nf3 a6 3. c4 Nc6 4. d4 cxd4 5. Nxd4 e5 6. Nf5 d5 7. cxd5 Bxf5 8. exf5 Nd4 9. Nc3 Be7 10. Bd3 Nf6 11. O-O O-O 12. Re1 Nxd5 13. Rxe5 Nxc3 14. bxc3 Bf6 15. Re1 Nb5 16. Bxb5 axb5 17. Qb3 Qd3 18. Bb2 Qxf5 19. Rad1 Rfc8 20. Re3 Rc4 21. Rde1 h6 22. h3 Rac8 23. g4 Qd5 24. Qc2 g6 25. Rd3 Qc6 26. Red1 b4 27. Rd6 Qf3 28. R1d3 Qf4 29. Bc1 Qe5 30. Bxh6 Rxc3 31. Qd1 g5 32. R3d5 Rc1 33. Rxe5 Bxe5 34. Rd8+ Kh7 35. Bxg5 Rxd1+ 36. Rxd1 Rc2 37. Rd7 Rxa2 38. Rxb7 Bc3 39. Be7 Kg6 40. Bxb4 Rb2 41. Rb6+ Kh7 42. Bc5 Rc2 43. Kg2 Be1 44. Be3 Bc3 45. Rc6 f5 46. Bd4 1-0


[Site "https://www.chess.com"]

[Event "Titled Tuesday Blitz November 29 Early 2022"]
[White "Figorito, Nick"]
[Black "Sztokbant, Bernardo Vainzoff"]
[WhiteFideId "30923689"]
[BlackFideId "2115956"]
[WhiteElo "2372"]
[BlackElo "2228"]
[Result "0-1"]
[Round "04"]
[TimeControl "180+1"]
[Date "2022.11.30"]
[WhiteClock "0:00:12"]
[BlackClock "0:00:03"]

1. Nf3 c5 2. g3 g6 3. Bg2 Bg7 4. O-O Nf6 5. c4 O-O 6. Nc3 Nc6 7. d4 cxd4 8. Nxd4 d6 9. Nc2 Be6 10. b3 Qd7 11. Bb2 Bh3 12. Ne3 Bxg2 13. Kxg2 e6 14. Qd2 Rfd8 15. Rfd1 Qe7 16. Rac1 a6 17. Qc2 Rac8 18. Qb1 Bh6 19. f4 Bg7 20. Qa1 Rd7 21. Ne4 Nxe4 22. Bxg7 f6 23. Kf3 Kxg7 24. Kxe4 d5+ 25. Kf3 d4 26. Ng4 h5 27. Nf2 e5 28. fxe5 Qxe5 29. e4 Re7 30. Kg2 Qe6 31. Re1 Rd8 32. Nd3 Qd6 33. Rcd1 Ne5 34. Nxe5 Rxe5 35. Qb1 d3 36. Rd2 Qd4 37. Qb2 Rxe4 38. Qxd4 Rdxd4 39. Rxe4 Rxe4 40. Rxd3 Re2+ 41. Kg1 Rxa2 42. Rd7+ Kh6 43. Rxb7 Kg5 44. Rb6 f5 45. c5 Rc2 46. Rxa6 Rxc5 47. Ra2 Rb5 48. Rb2 Rb4 49. Kg2 h4 50. h3 hxg3 51. Kxg3 Kh5 52. Kf3 Kh4 53. Kg2 g5 54. Kh2 f4 55. Kg2 Kh5 56. Kh2 Kg6 57. Kg2 Kf5 58. Kf3 Rd4 59. b4 Rd3+ 60. Ke2 Rxh3 61. b5 Rh2+ 62. Kd3 Rxb2 63. Kc4 f3 0-1


[Site "https://www.chess.com"]

[Event "Titled Tuesday Blitz November 29 Early 2022"]
[White "Flis, Pawel"]
[Black "Osinovsky, Stepan"]
[WhiteFideId "1112864"]
[BlackFideId "4157354"]
[WhiteElo "1817"]
[BlackElo "2222"]
[Result "0-1"]
[Round "04"]
[TimeControl "180+1"]
[Date "2022.11.30"]
[WhiteClock "0:00:08"]
[BlackClock "0:00:26"]

1. e4 e5 2. d4 exd4 3. Nf3 Nc6 4. Bc4 Nf6 5. e5 d5 6. Bb5 Ne4 7. Nxd4 Bd7 8. Bxc6 bxc6 9. O-O Bc5 10. f3 Ng5 11. Be3 O-O 12. f4 Ne4 13. Nd2 Nxd2 14. Qxd2 Bb6 15. Nb3 f6 16. Bc5 Bxc5+ 17. Nxc5 fxe5 18. fxe5 Bf5 19. Rae1 Qe7 20. Qc3 h6 21. Rf2 Bg6 22. Ref1 Rxf2 23. Rxf2 Re8 24. e6 Qg5 25. h3 Rf8 26. Rxf8+ Kxf8 27. Nd7+ Ke7 28. Qc5+ Kxe6 29. Nf8+ Kf7 30. Nxg6 Qxg6 31. Qxa7 Qxc2 32. Kh2 Kg6 33. Qxc7 Kh7 34. b4 d4 35. Qe7 Qf5 36. Qd6 d3 37. a4 Qd5 0-1


[Site "https://www.chess.com"]

[Event "Titled Tuesday Blitz November 29 Early 2022"]
[White "Floresvillar Gonzalez, Luis Migu"]
[Black "Miszler, Levente"]
[WhiteFideId "5100542"]
[BlackFideId "763276"]
[WhiteElo "2040"]
[BlackElo "2176"]
[Result "0-1"]
[Round "04"]
[TimeControl "180+1"]
[Date "2022.11.30"]
[WhiteClock "0:00:01"]
[BlackClock "0:02:02"]

1. d4 Nf6 2. c3 b6 3. Bg5 Bb7 4. Nd2 h6 5. Bxf6 gxf6 6. Ngf3 f5 7. e3 e6 8. g3 Bg7 9. Bg2 d6 10. Qa4+ Nd7 11. Nh4 Bxg2 12. Nxg2 O-O 13. O-O Nf6 14. Qc6 Qd7 15. Qxd7 Nxd7 16. f4 Rfd8 17. Rad1 Kf8 18. Nh4 Ke7 19. d5 Bf6 20. dxe6 fxe6 21. Nhf3 Nc5 0-1


[Site "https://www.chess.com"]

[Event "Titled Tuesday Blitz November 29 Early 2022"]
[White "Forgacs, Attila Jr."]
[Black "Stearman, Josiah"]
[WhiteFideId "773654"]
[BlackFideId "2062496"]
[WhiteElo "2168"]
[BlackElo "2402"]
[Result "1-0"]
[Round "04"]
[TimeControl "180+1"]
[Date "2022.11.30"]
[WhiteClock "0:00:26"]
[BlackClock "0:00:17"]

1. e4 c5 2. d3 Nc6 3. g3 g6 4. Bg2 Bg7 5. Nc3 e6 6. f4 Nge7 7. Nf3 d5 8. e5 a6 9. Ne2 b5 10. c3 Bb7 11. O-O h5 12. Be3 c4 13. d4 a5 14. h3 b4 15. Qd2 Qb6 16. g4 hxg4 17. hxg4 a4 18. a3 bxa3 19. bxa3 Na5 20. Rab1 Nb3 21. Qc2 O-O-O 22. Ng5 Rdf8 23. Ng3 Kb8 24. f5 gxf5 25. gxf5 exf5 26. Nxf5 Qg6 27. Qf2 Nxf5 28. Qxf5 Qxf5 29. Rxf5 Bh6 30. Kf2 Rhg8 31. Bf4 Bc8 32. e6+ Ka7 33. Rxf7+ Kb6 34. Bxd5 Re8 35. Bc7+ Ka7 36. Bd6+ Kb6 37. Bc5+ Kb5 38. Ne4 Bxe6 39. Nd6+ 1-0


[Site "https://www.chess.com"]

[Event "Titled Tuesday Blitz November 29 Early 2022"]
[White "Fromm, Marius"]
[Black "Weetik, Vjacheslav"]
[WhiteFideId "12993190"]
[BlackFideId "4153472"]
[WhiteElo "2325"]
[BlackElo "2469"]
[Result "1-0"]
[Round "04"]
[TimeControl "180+1"]
[Date "2022.11.30"]
[WhiteClock "0:00:39"]
[BlackClock "0:00:13"]

1. e4 c6 2. d4 d5 3. exd5 cxd5 4. Bd3 Nc6 5. c3 g6 6. Nf3 Bf5 7. Be2 Bg7 8. O-O Nf6 9. Bf4 Nh5 10. Be3 Qc7 11. Re1 O-O 12. Nbd2 Nf4 13. Bf1 Rad8 14. Nb3 h6 15. Qd2 g5 16. h4 Bg4 17. hxg5 Nh3+ 18. gxh3 Bxf3 19. gxh6 Bf6 20. Bf4 Qc8 21. Re3 Bh5 22. Rg3+ Kh8 23. Bd3 Rg8 24. Kh2 Bh4 25. Rag1 Bxg3+ 26. fxg3 Bg6 27. Nc5 b6 28. Bxg6 Rxg6 29. Nd3 Rdg8 30. Qe3 Re6 31. Qf3 Rgg6 32. Qxd5 Re2+ 33. Rg2 Rxg2+ 34. Kxg2 Qe6 35. Qxe6 fxe6 36. Kf3 Kh7 37. g4 Rg8 38. h4 Rf8 39. h5 Nd8 40. g5 e5 41. g6+ Kg8 42. Nxe5 Ne6 43. h7+ Kh8 44. Nd3 Ng7 45. Kg4 1-0


[Site "https://www.chess.com"]